 Dungeon Crawl Stone Soup version 0.30-a0-368-g86fb4627a9 (webtiles) character file.

Game seed: 18091616301037949962

34 oldriver the Grave Robber (level 3, -2/24 HPs)
             Began as a Mummy Necromancer on Nov 19, 2022.
             Slain by a kobold
             ... wielding a +0 dagger
              (3 damage)
             ... on level 2 of the Dungeon.
             The game lasted 00:00:59 (1118 turns).

oldriver the Grave Robber (Mummy Necromancer)       Turns: 1118, Time: 00:01:00

Health: -2/24      AC:  2    Str: 11    XL:     3   Next: 14%
Magic:  1/7        EV: 12    Int: 16    God:
Gold:   76         SH:  0    Dex: 12    Spells: 7/8 levels left

rFire   x . .      SeeInvis .    c - +3 dagger (venom)
rCold   + . .      Faith    +    (no shield)
rNeg    + + +      Spirit   .    a - +0 robe
rPois   ∞          Reflect  .    (no helmet)
rElec   .          Harm     .    (no cloak)
rCorr   .          Rampage  .    (no gloves)
Will    .....                    (no boots)
Stlth   ++........               (no amulet)
HPRegen 0.24/turn                (no ring)
MPRegen 0.10/turn                (no ring)

@: no status effects
A: cold resistance 1, negative energy resistance 3, torment resistance 2, heat
vulnerability 1, in touch with death 1, no potions, faith
a: no special abilities


You were on level 2 of the Dungeon.
You visited 1 branch of the dungeon, and saw 2 of its levels.

You collected 76 gold pieces.

Inventory:

Hand Weapons
 c - a +3 dagger of venom (weapon)
Armour
 a - a +0 robe (worn)
Scrolls
 b - a scroll of teleportation {unknown}
 d - 3 scrolls of identify {unknown}
 e - a scroll of blinking {unknown}


   Skills:
 + Level 2.0 Dodging
 + Level 2.1 Stealth
 + Level 3.2 Spellcasting
 + Level 4.2 Necromancy


You had 7 spell levels left.
You knew the following spells:

 Your Spells              Type           Power      Damage    Failure   Level
a - Necrotise             Necr           96%        1d8       3%          1

Your spell library contained the following spells:

 Spells                   Type           Power      Damage    Failure   Level
 Vampiric Draining        Necr           24%        2d7       10%         3
 Animate Dead             Necr           24%        N/A       32%         4
 Agony                    Necr           24%        N/A       65%         5


Dungeon Overview and Level Annotations

Branches:
Dungeon (2/15)

Altars:


Innate Abilities, Weirdness & Mutations

You are immune to poison.
Your flesh is cold resistant. (rC+)
You are immune to negative energy. (rN+++)
You are immune to unholy pain and torment.
You are vulnerable to heat. (rF-)
You are in touch with the powers of death.
You do not drink.
You have a special connection with the divine. (Faith)


Message History

You feel a surge of power!
The adder writhes in agony.
The adder barely misses you. The kobold hits you with a +0 dagger.
You feel a surge of power!
The adder writhes in agony.
The adder closely misses you. The kobold hits you with a +0 dagger.
There are monsters nearby!
There are monsters nearby!
You are out of magic!
You are out of magic!
You are out of magic!
You barely miss the adder.
The adder is heavily wounded.
The adder bites you. The kobold hits you but does no damage.
Your magical contamination has completely faded away.
You closely miss the adder.
The adder is heavily wounded.
The adder bites you but does no damage. The adder bites you.
The kobold barely misses you.
You closely miss the adder.
The adder is heavily wounded.
The adder bites you. The kobold hits you with a +0 dagger.
You closely miss the adder.
The adder is heavily wounded.
The adder barely misses you. The kobold misses you.
You hit the adder.
The adder is heavily wounded.
The adder bites you. The adder barely misses you. The kobold misses you.
You hit the adder.
The adder is severely wounded.
The adder bites you but does no damage. The kobold hits you with a +0 dagger.
* * * LOW HITPOINT WARNING * * *
You hit the kobold.
The kobold is poisoned.
The kobold is moderately wounded.
The adder bites you.
* * * LOW HITPOINT WARNING * * *
The kobold hits you with a +0 dagger.
* * * LOW HITPOINT WARNING * * *
You closely miss the kobold.
The kobold is moderately wounded.
The adder barely misses you. The kobold hits you with a +0 dagger.
You die...

# # ###.#.
#.....#
#......#########
#S@K.....>#
#.!....##.###..#
#.....# #.#
..>... #.# #####
#.# #.# #.# #.#
#<#


You could see an adder and a kobold (very poisoned).

Vanquished Creatures
  3 dart slugs
  3 ball pythons
  3 bats (D:1)
  An endoplasm (D:1)
  A giant cockroach (D:1)
  2 goblins (D:1)
  A hobgoblin (D:1)
  3 jackals (D:1)
  A quokka (D:1)
  3 kobolds (D:1)
  2 rats
23 creatures vanquished.

Vanquished Creatures (collateral kills)
  A bat (D:1)
1 creature vanquished.

Grand Total: 24 creatures vanquished

Notes
Turn   | Place    | Note
-------+----------+-------------------------------------------
     0 | D:1      | oldriver the Mummy Necromancer began the quest for the Orb.
     0 | D:1      | Reached XP level 1. HP: 13/13 MP: 4/4
   156 | D:1      | Reached XP level 2. HP: 19/19 MP: 2/5
   927 | D:1      | Gained mutation: You are in touch with the powers of death.
                  | [Mummy growth]
   927 | D:1      | Reached XP level 3. HP: 24/24 MP: 5/7
  1117 | D:2      | HP: 1/24 [kobold/+0 dagger (4)]
  1118 | D:2      | Slain by a kobold

Illustrated notes

Levels and vault maps discovered:
D:1:      co_arrival_square_in_a_square_in_a_square, layout_basic
D:2:      layout_loops_ring, chequers_serial_rivers_large_a,
          corexii_item_surrounded_by_moat

Skill      XL: |  1  2 |
---------------+-------+-----
Spellcasting   | 3 |  3.2
Stealth        | 2 |  2.1
Dodging        | 2 |  2.0
Necromancy     | |  4.2

Action                   || total
-------------------------++-------
Melee: Unarmed           ||     2
       Dagger            ||    21
       Punch             ||     1
 Cast: Necrotise         ||    47
Armor: Robe              ||    12
Dodge: Dodged            ||    38

Table legend: (Time is in decaauts)
 A = Elapsed time spent in this place.
 B = Non-inter-level travel time spent in this place.
 C = Inter-level travel time spent in this place.
 D = Time resting spent in this place.
 E = Time spent auto-exploring this place.
 F = Levels seen in this place.
 G = Mean time per level.
                   A        B        C        D        E       F      G
               +--------+--------+--------+--------+--------+-----+--------+
         Total |   1117 |   1083 |     34 |      0 |    924 |   2 |  558.5 |
       Dungeon |   1117 |   1083 |     34 |      0 |    924 |   2 |  558.5 |
               +--------+--------+--------+--------+--------+-----+--------+

Top non-repeatable levels by time:
     D:1: 1047 daAuts
     D:2: 69 daAuts
